 Dungeon Crawl Stone Soup version 0.24-a0-584-g9d6b971ae4 (webtiles) character file.

Game seed: 13046112246442760171, levelgen mode: deterministic

88 Gynju the Shield-Bearer (level 4, -1/37 HPs)
             Began as a Formicid Fighter on Aug 30, 2019.
             Succumbed to Sigmund's poison
             ... on level 2 of the Dungeon.
             The game lasted 00:03:25 (1258 turns).

Gynju the Shield-Bearer (Formicid Fighter)          Turns: 1258, Time: 00:03:25

Health: -1/37      AC:  7    Str: 27    XL:     4   Next: 82%
Magic:  4/4        EV:  8    Int:  7    God:
Gold:   57         SH: 10    Dex: 10    Spells: 3/3 levels left

rFire    . . .     SeeInvis +   a - +0 war axe
rCold    . . .     Gourm    .   c - +0 shield
rNeg     . . .     Faith    .   b - +0 scale mail
rPois    .         Spirit   .   (helmet unavailable)
rElec    .         Reflect  .   (no cloak)
rCorr    .         Harm     .   (no gloves)
MR       .....                  (no boots)
Stlth    ..........             (no amulet)
HPRegen  0.12/turn              (no ring)
MPRegen  0.09/turn              (no ring)

@: mighty, lethally poisoned (-1 -> -25)
A: permanent stasis, dig shafts and tunnels, four strong arms, antennae 3
a: Dig, Shaft Self


You were on level 2 of the Dungeon.
You were not hungry.

You visited 1 branch of the dungeon, and saw 2 of its levels.

You collected 57 gold pieces.

Inventory:

Hand Weapons
 a - a +0 war axe (weapon)
Armour
 b - a +0 scale mail (worn)
 c - a +0 shield (worn)
Jewellery
 k - an uncursed amulet of guardian spirit {unknown}
Scrolls
 e - a scroll of identify {unknown}
 g - a scroll of fog {unknown}
 h - a scroll of fear {unknown}
 m - a scroll of magic mapping {unknown}
Potions
 j - 2 potions of degeneration {unknown}
Comestibles
 f - 2 rations
 i - 5 chunks of flesh


   Skills:
 + Level 3.9 Fighting
 * Level 3.2 Axes
 + Level 3.8 Armour
 + Level 4.3 Shields


You had 3 spell levels left.
You didn't know any spells.
Your spell library was empty.

Dungeon Overview and Level Annotations

Branches:
Dungeon (2/15)

Altars:
Gozag
Nemelex Xobeh

Annotations:
D:2 Sigmund


Innate Abilities, Weirdness & Mutations

You cannot be hasted, slowed, berserked, paralysed or teleported.
You can dig through walls and to a lower floor.
Your four strong arms can wield two-handed weapons with a shield.
You have a pair of large antennae on your head. (SInv)


Message History

Sigmund casts a spell at you.
The magic dart hits you but does no damage.
You barely miss Sigmund.
Sigmund is moderately wounded.
* * * LOW HITPOINT WARNING * * *
You feel very sick. Sigmund hits you but does no damage.
You slash Sigmund!
Sigmund is heavily wounded.
* * * LOW HITPOINT WARNING * * *
You feel sick. Sigmund hits you but does no damage.
You are more poisoned.
You hit Sigmund.
Sigmund is severely wounded.
* * * LOW HITPOINT WARNING * * *
You feel very sick. Sigmund barely misses you.
You barely miss Sigmund.
Sigmund is severely wounded.
You die...

........##.##
...........#
≈≈...≈...###.......
≈≈≈≈≈.(.## .......
≈♣♣♣≈...### .......
♣≈.....##.......
♣≈.###..#.......
≈≈≈≈≈ ##<#....@..
..≈.≈. #@#.......
≈≈≈≈≈≈ #.@.# ≈♣♣♣≈
###.# ##


You could see Sigmund (invisible).

Vanquished Creatures
  Robin (D:2)
  2 adders (D:2)
  An ooze (D:1)
  2 dart slugs
  2 leopard geckos (D:1)
  A ball python (D:1)
  2 bats
  2 giant cockroaches
  10 goblins
  6 hobgoblins
  4 jackals (D:2)
  A quokka (D:2)
  3 kobolds
  9 rats
46 creatures vanquished.

Notes
Turn   | Place    | Note
-------+----------+-------------------------------------------
     0 | D:1      | Gynju the Formicid Fighter began the quest for the Orb.
     0 | D:1      | Reached XP level 1. HP: 18/18 MP: 1/1
   202 | D:1      | Reached XP level 2. HP: 24/24 MP: 2/2
   514 | D:1      | Reached XP level 3. HP: 28/29 MP: 3/3
   648 | D:2      | Noticed Robin
   661 | D:1      | Reached skill level 4 in Shields
   818 | D:2      | Killed Robin
   818 | D:2      | Reached XP level 4. HP: 26/37 MP: 4/4
  1134 | D:2      | Found a sparkling altar of Nemelex Xobeh.
  1184 | D:2      | Found an opulent altar of Gozag.
  1239 | D:2      | Noticed Sigmund
  1257 | D:2      | HP: 1/37 [poisoned by Sigmund]
  1258 | D:2      | Succumbed to Sigmund's poison

Levels and vault maps discovered:
D:1:      dpeg_arrival_tiny_d, layout_basic
D:2:      layout_rooms, lemuel_round_altar, grunt_temple_overflow_open,
          nicolae_gozag_cash_rules_everything_around_me, kennysheep_boxes,
          uniq_robin, uniq_sigmund

Skill      XL: |  1  2  3  4 |
---------------+-------------+-----
Shields        | 4 |  4.3
Axes           | 3 |  3.2
Fighting       | |  3.9
Armour         | |  3.8

Action                   |  1- 3 |  4- 6 || total
-------------------------+-------+-------++-------
Melee: War axe           |    62 |    46 ||   108
  Use: Potion            |       |     2 ||     2
  Eat: Chunk             |       |     1 ||     1
Armor: Scale mail        |    30 |    14 ||    44
Dodge: Dodged            |    25 |    18 ||    43
Block: Shield            |    30 |    26 ||    56

Table legend:
 A = Non-vault XP
 B = Vault XP
 C = Vault XP percentage of total XP
 D = Non-vault monster count
 E = Vault monster count
 F = Vault count percentage of total count
                 A         B        C        D         E       F
            +---------+---------+-------+---------+---------+-------
      Total |      92 |      35 |  27.6 |      35 |      11 |  23.9
            +---------+---------+-------+---------+---------+-------
        D:1 |      35 |      13 |  27.1 |      17 |       7 |  29.2
        D:2 |      57 |      22 |  27.8 |      18 |       4 |  18.2
            +---------+---------+-------+---------+---------+-------
